[ PARTIDA AOE2 · #505981376 ]
UnrankedCeltas vs Bulgarians
Equipo del jugador · DERR
Equipo rival · VICT
[ ANÁLISIS DE REPETICIÓN · EXTRAÍDO DE LA PARTIDA GRABADA ]
Feudal
11:11
Castillos
17:14
Imperial
33:25
| APM promedio | 36.2 |
| APM pico | 62 |
| eAPM promedio | 24.6 |
| Aldeanos / militares | 179 / 81 |
Foco
⚔️ 31.1% · 🌾 68.9%
Woad Raider ×42 · Spearman ×22 · Monk ×5 · Scorpion ×4 · Mangonel ×3 · Scout Cavalry ×3
Feudal
9:16
Castillos
20:55
Imperial
29:14
| APM promedio | 29.0 |
| APM pico | 65 |
| eAPM promedio | 18.4 |
| Aldeanos / militares | 147 / 118 |
Foco
⚔️ 26.3% · 🌾 73.7%
Konnik ×103 · Archer ×11 · Monk ×2 · Trebuchet (Packed) ×2
Mapa de la partida
Recursos iniciales + cada clic de construcción. Líneas = muros · curvas = relieve. ◆ oro · ⬟ piedra · ● bayas · ✦ reliquia · ◌ hueco del cierre
Tu base· ✓ Cerrada en 17:14 · 9t muro · 4 puerta(s)
Base de Retentio· ✓ Cerrada en 20:55 · 0t muro · 2 puerta(s)
Terreno inicial suavizado · ◌ = hueco del cierre detectado · pasá el cursor para detalles
Inputs por minuto
— [PSCH] wolverito - - Retentio
Build order — [PSCH] wolverito
Primeras 150 de 410 acciones detectadas
| 0:00 | Encolar | Villager (Male) |
| 0:00 | Encolar | Villager (Male) |
| 0:02 | Construir | House |
| 0:03 | Construir | House |
| 0:03 | Encolar | Villager (Male) |
| 0:06 | Encolar | Villager (Male) |
| 1:25 | Encolar | Villager (Male) |
| 1:59 | Encolar | Villager (Male) |
| 2:07 | Construir | Palisade Gate |
| 2:12 | Construir | Palisade Wall |
| 2:15 | Construir | Palisade Wall |
| 2:17 | Construir | Palisade Wall |
| 2:22 | Construir | Palisade Wall |
| 2:25 | Encolar | Villager (Male) |
| 2:27 | Construir | Lumber Camp |
| 2:39 | Construir | Palisade Wall |
| 2:42 | Construir | Palisade Wall |
| 2:50 | Encolar | Villager (Male) |
| 3:02 | Encolar | Villager (Male) |
| 3:15 | Construir | Palisade Wall |
| 3:33 | Encolar | Villager (Male) |
| 3:46 | Construir | House |
| 3:57 | Encolar | Villager (Male) |
| 4:10 | Construir | Palisade Wall |
| 4:15 | Construir | Palisade Wall |
| 4:21 | Construir | House |
| 4:40 | Encolar | Villager (Male) |
| 4:59 | Encolar | Villager (Male) |
| 5:38 | Encolar | Villager (Male) |
| 5:47 | Encolar | Villager (Male) |
| 6:12 | Encolar | Villager (Male) |
| 6:23 | Encolar | Villager (Male) |
| 6:41 | Encolar | Villager (Male) |
| 6:41 | Encolar | Villager (Male) |
| 6:48 | Encolar | Villager (Male) |
| 6:52 | Encolar | Villager (Male) |
| 6:55 | Encolar | Villager (Male) |
| 7:02 | Encolar | Villager (Male) |
| 7:16 | Construir | Mill |
| 7:17 | Encolar | Villager (Male) |
| 7:42 | Encolar | Villager (Male) |
| 8:18 | Encolar | Villager (Male) |
| 8:26 | Investigar | Loom |
| 8:42 | Construir | Mining Camp |
| 9:01 | Investigar | Feudal Age |
| 9:12 | Encolar | Villager (Male) |
| 9:18 | Construir | Barracks |
| 9:28 | Encolar | Villager (Male) |
| 9:32 | Investigar | Loom |
| 9:32 | Encolar | Villager (Male) |
| 9:33 | Encolar | Villager (Male) |
| 9:38 | Encolar | Villager (Male) |
| 9:59 | Construir | Mining Camp |
| 10:00 | Encolar | Villager (Male) |
| 10:23 | Construir | House |
| 10:24 | Encolar | Villager (Male) |
| 10:33 | Encolar | Villager (Male) |
| 10:45 | Construir | House |
| 10:59 | Construir | House |
| 11:11 | Edad | Edad Feudal |
| 11:17 | Construir | Watch Tower |
| 11:24 | Encolar | Villager (Male) |
| 11:25 | Encolar | Villager (Male) |
| 11:26 | Encolar | Villager (Male) |
| 11:32 | Encolar | Villager (Male) |
| 11:35 | Construir | House |
| 11:38 | Construir | House |
| 11:39 | Construir | House |
| 11:40 | Construir | House |
| 11:41 | Encolar | Villager (Male) |
| 11:45 | Encolar | Villager (Male) |
| 12:05 | Encolar | Villager (Male) |
| 12:06 | Encolar | Villager (Male) |
| 12:54 | Construir | Blacksmith |
| 12:56 | Encolar | Villager (Male) |
| 12:59 | Construir | Farm |
| 13:04 | Construir | Farm |
| 13:06 | Construir | Farm |
| 13:13 | Encolar | Villager (Male) |
| 13:44 | Construir | Market |
| 13:49 | Encolar | Villager (Male) |
| 14:07 | Encolar | Villager (Male) |
| 14:10 | Construir | Farm |
| 14:34 | Investigar | Castle Age |
| 14:39 | Encolar | Villager (Male) |
| 15:01 | Construir | Farm |
| 15:04 | Construir | Farm |
| 15:05 | Encolar | Villager (Male) |
| 15:07 | Construir | Farm |
| 15:13 | Construir | Farm |
| 15:17 | Construir | Farm |
| 15:51 | Encolar | Villager (Male) |
| 16:00 | Construir | Farm |
| 16:01 | Construir | Farm |
| 16:02 | Encolar | Villager (Male) |
| 16:15 | Construir | Farm |
| 16:16 | Construir | Farm |
| 16:19 | Encolar | Villager (Male) |
| 17:14 | Edad | Edad de los Castillos |
| 17:33 | Construir | Castle |
| 17:38 | Encolar | Villager (Male) |
| 17:38 | Encolar | Villager (Male) |
| 18:23 | Encolar | Villager (Male) |
| 18:29 | Construir | Farm |
| 18:29 | Construir | Farm |
| 18:36 | Encolar | Villager (Male) |
| 18:57 | Encolar | Villager (Male) |
| 19:02 | Encolar | Villager (Male) |
| 19:03 | Encolar | Villager (Male) |
| 19:11 | Construir | Town Center |
| 19:12 | Encolar | Villager (Male) |
| 19:18 | Encolar | Villager (Male) |
| 19:58 | Construir | Siege Workshop |
| 19:59 | Encolar | Villager (Male) |
| 20:00 | Encolar | Villager (Male) |
| 20:01 | Encolar | Villager (Male) |
| 20:18 | Investigar | Double-Bit Axe |
| 20:25 | Encolar | Woad Raider |
| 20:27 | Encolar | Villager (Male) |
| 20:33 | Encolar | Villager (Male) |
| 20:57 | Encolar | Mangonel |
| 20:57 | Encolar | Mangonel |
| 20:59 | Encolar | Villager (Male) |
| 21:04 | Encolar | Villager (Male) |
| 21:14 | Encolar | Woad Raider |
| 21:33 | Construir | Monastery |
| 21:41 | Encolar | Villager (Male) |
| 21:41 | Encolar | Villager (Male) |
| 21:46 | Encolar | Villager (Male) |
| 22:15 | Encolar | Villager (Male) |
| 22:25 | Encolar | Mangonel |
| 22:38 | Investigar | Horse Collar |
| 22:40 | Encolar | Villager (Male) |
| 22:45 | Encolar | Villager (Male) |
| 22:48 | Construir | Farm |
| 22:49 | Encolar | Villager (Male) |
| 22:52 | Encolar | Monk |
| 23:06 | Encolar | Villager (Male) |
| 23:24 | Construir | Farm |
| 23:25 | Construir | Farm |
| 23:26 | Encolar | Villager (Male) |
| 23:26 | Encolar | Villager (Male) |
| 23:41 | Encolar | Monk |
| 23:45 | Construir | Farm |
| 24:02 | Encolar | Monk |
| 24:13 | Construir | Stone Wall |
| 24:47 | Encolar | Woad Raider |
| 24:57 | Encolar | Woad Raider |
| 24:57 | Encolar | Woad Raider |
| 25:22 | Encolar | Monk |
Build order — Retentio
Primeras 150 de 438 acciones detectadas
| 0:01 | Encolar | Villager (Male) |
| 0:01 | Encolar | Villager (Male) |
| 0:02 | Encolar | Villager (Male) |
| 0:03 | Construir | House |
| 0:04 | Construir | House |
| 0:12 | Encolar | Villager (Male) |
| 0:12 | Encolar | Villager (Male) |
| 1:41 | Encolar | Villager (Male) |
| 2:01 | Encolar | Villager (Male) |
| 2:12 | Construir | Lumber Camp |
| 2:21 | Encolar | Villager (Male) |
| 2:21 | Encolar | Villager (Male) |
| 2:43 | Encolar | Villager (Male) |
| 2:44 | Encolar | Villager (Male) |
| 3:03 | Encolar | Villager (Male) |
| 3:41 | Encolar | Villager (Male) |
| 3:51 | Construir | House |
| 3:55 | Encolar | Villager (Male) |
| 4:14 | Encolar | Villager (Male) |
| 4:20 | Construir | Mill |
| 4:39 | Encolar | Villager (Male) |
| 4:50 | Encolar | Villager (Male) |
| 5:30 | Encolar | Villager (Male) |
| 5:40 | Construir | House |
| 5:51 | Encolar | Villager (Male) |
| 6:08 | Investigar | Loom |
| 7:03 | Investigar | Feudal Age |
| 7:39 | Construir | Mining Camp |
| 8:08 | Encolar | Villager (Male) |
| 8:20 | Encolar | Villager (Male) |
| 8:34 | Construir | Barracks |
| 9:16 | Edad | Edad Feudal |
| 9:17 | Construir | Archery Range |
| 9:19 | Investigar | Double-Bit Axe |
| 9:30 | Construir | House |
| 9:47 | Encolar | Villager (Male) |
| 9:57 | Construir | Watch Tower |
| 9:58 | Encolar | Archer |
| 10:11 | Encolar | Villager (Male) |
| 10:46 | Encolar | Villager (Male) |
| 10:50 | Construir | Blacksmith |
| 11:01 | Encolar | Archer |
| 11:11 | Encolar | Villager (Male) |
| 11:17 | Construir | House |
| 11:23 | Construir | Mill |
| 11:28 | Encolar | Villager (Male) |
| 11:37 | Encolar | Archer |
| 11:55 | Encolar | Archer |
| 12:12 | Construir | House |
| 12:12 | Encolar | Villager (Male) |
| 12:19 | Construir | Mining Camp |
| 12:27 | Encolar | Archer |
| 12:38 | Encolar | Archer |
| 12:41 | Encolar | Villager (Male) |
| 12:44 | Construir | Farm |
| 13:07 | Encolar | Villager (Male) |
| 13:09 | Construir | Farm |
| 13:13 | Construir | Farm |
| 13:15 | Construir | Farm |
| 13:26 | Encolar | Villager (Male) |
| 13:41 | Investigar | Fletching |
| 13:46 | Encolar | Archer |
| 13:55 | Construir | Mining Camp |
| 13:57 | Encolar | Villager (Male) |
| 13:59 | Construir | Farm |
| 14:10 | Construir | House |
| 14:13 | Encolar | Villager (Male) |
| 14:29 | Construir | Farm |
| 14:31 | Encolar | Villager (Male) |
| 14:52 | Encolar | Archer |
| 15:09 | Construir | Watch Tower |
| 15:12 | Encolar | Archer |
| 15:13 | Encolar | Villager (Male) |
| 15:16 | Construir | Farm |
| 15:18 | Construir | Farm |
| 15:25 | Encolar | Villager (Male) |
| 15:51 | Encolar | Archer |
| 16:02 | Encolar | Villager (Male) |
| 16:06 | Construir | House |
| 16:08 | Investigar | Wheelbarrow |
| 16:20 | Construir | Market |
| 16:26 | Construir | House |
| 16:33 | Encolar | Archer |
| 17:04 | Construir | Farm |
| 17:09 | Encolar | Villager (Male) |
| 17:21 | Encolar | Villager (Male) |
| 17:38 | Construir | Farm |
| 17:43 | Construir | Farm |
| 17:45 | Construir | Farm |
| 18:15 | Investigar | Castle Age |
| 18:47 | Construir | Watch Tower |
| 19:00 | Investigar | Stone Mining |
| 19:01 | Investigar | Gold Mining |
| 19:22 | Construir | Watch Tower |
| 19:35 | Investigar | Horse Collar |
| 19:43 | Construir | House |
| 19:44 | Construir | House |
| 20:06 | Encolar | Villager (Male) |
| 20:07 | Encolar | Villager (Male) |
| 20:47 | Encolar | Villager (Male) |
| 20:55 | Edad | Edad de los Castillos |
| 21:05 | Construir | Monastery |
| 21:17 | Encolar | Villager (Male) |
| 21:37 | Construir | House |
| 21:45 | Construir | Farm |
| 21:50 | Construir | House |
| 21:52 | Encolar | Villager (Male) |
| 21:56 | Construir | House |
| 21:57 | Construir | House |
| 21:58 | Encolar | Villager (Male) |
| 22:03 | Encolar | Monk |
| 22:09 | Encolar | Villager (Male) |
| 22:17 | Construir | Farm |
| 22:21 | Construir | Farm |
| 22:22 | Construir | Farm |
| 22:24 | Encolar | Villager (Male) |
| 22:34 | Encolar | Monk |
| 22:36 | Encolar | Villager (Male) |
| 22:58 | Construir | Krepost |
| 23:02 | Encolar | Villager (Male) |
| 23:05 | Construir | House |
| 23:11 | Construir | House |
| 23:12 | Construir | House |
| 23:16 | Encolar | Villager (Male) |
| 23:33 | Encolar | Villager (Male) |
| 23:38 | Investigar | Bow Saw |
| 23:39 | Investigar | Heavy Plow |
| 24:49 | Encolar | Villager (Male) |
| 25:39 | Construir | Krepost |
| 25:39 | Encolar | Villager (Male) |
| 25:40 | Encolar | Villager (Male) |
| 25:41 | Encolar | Villager (Male) |
| 25:41 | Encolar | Villager (Male) |
| 25:44 | Construir | Farm |
| 25:45 | Construir | Farm |
| 25:50 | Construir | House |
| 25:51 | Construir | House |
| 25:53 | Investigar | Imperial Age |
| 26:12 | Encolar | Villager (Male) |
| 26:21 | Investigar | Bodkin Arrow |
| 26:40 | Investigar | Bodkin Arrow |
| 26:44 | Encolar | Villager (Male) |
| 26:51 | Construir | University |
| 26:53 | Construir | House |
| 26:54 | Construir | House |
| 27:12 | Construir | Stone Wall |
| 27:18 | Construir | Mining Camp |
| 27:35 | Encolar | Villager (Male) |
| 27:40 | Encolar | Villager (Male) |
| 28:28 | Construir | Castle |
Cronología de la partida
| 2:12 | [PSCH] wolverito · wall_segment Palisade Wall x1 |
| 2:15 | [PSCH] wolverito · wall_segment Palisade Wall x1 |
| 2:17 | [PSCH] wolverito · wall_segment Palisade Wall x1 |
| 2:22 | [PSCH] wolverito · wall_segment Palisade Wall x1 |
| 2:39 | [PSCH] wolverito · wall_segment Palisade Wall x1 |
| 2:42 | [PSCH] wolverito · wall_segment Palisade Wall x1 |
| 3:15 | [PSCH] wolverito · wall_segment Palisade Wall x1 |
| 4:10 | [PSCH] wolverito · wall_segment Palisade Wall x1 |
| 4:15 | [PSCH] wolverito · wall_segment Palisade Wall x1 |
| 8:34 | Retentio · first_building Barracks |
| 9:16 | Retentio · age_up feudal |
| 9:17 | Retentio · first_building Archery Range |
| 9:18 | [PSCH] wolverito · first_building Barracks |
| 11:11 | [PSCH] wolverito · age_up feudal |
| 17:14 | [PSCH] wolverito · age_up castle |
| 17:16 | [PSCH] wolverito · first_market_buy 100 stone |
| 17:23 | [PSCH] wolverito · first_market_sell 100 food |
| 17:33 | [PSCH] wolverito · first_building Castle |
| 17:51 | Retentio · first_market_buy 100 food |
| 17:54 | Retentio · first_market_sell 100 stone |
| 19:58 | [PSCH] wolverito · first_building Siege Workshop |
| 20:55 | Retentio · age_up castle |
| 21:05 | Retentio · first_building Monastery |
| 21:33 | [PSCH] wolverito · first_building Monastery |
| 22:58 | Retentio · first_building Krepost |
| 24:13 | [PSCH] wolverito · wall_segment Stone Wall x1 |
| 25:26 | [PSCH] wolverito · first_building Stable |
| 27:12 | Retentio · wall_segment Stone Wall x4 |
| 28:28 | Retentio · first_building Castle |
| 29:14 | Retentio · age_up imperial |
| 33:25 | [PSCH] wolverito · age_up imperial |
| 33:54 | Retentio · first_building Stable |
| 44:17 | [PSCH] wolverito · wall_segment Stone Wall x1 |
| 46:52 | [PSCH] wolverito · first_building Archery Range |
| 48:49 | [PSCH] wolverito · resign |
[ ANÁLISIS IA · 1 CRÉDITO ]
¿Qué pasó realmente en esta partida?
Wolo.gg analiza cada decisión: build order, eco, micro, errores típicos por bracket. Análisis personalizado por WhatsApp o Discord en 30 segundos.
Guía civ
Celtas
Perfil
[PSCH] wolverito